 Dungeon Sprint DCSS version 0.32-a0-120-gfac0567ad4 (webtiles) character file.

Game seed: 7380012784011043575

1016 Ambrosia the Grappler (level 8, 0/138 HPs)
             Began as a Troll Berserker on Feb 7, 2024.
             Was a Believer of Trog.
             Slain by a centaur warrior (1 damage)
             ... in the Dungeon (Sprint I: "Red Sonja").
             The game lasted 00:01:26 (563 turns).

Ambrosia the Grappler (Troll Berserker)              Turns: 563, Time: 00:01:27

Health: 0/138      AC:  4    Str: 28    XL:     8   Next: 1%
Magic:  7/7        EV: 12    Int:  3    God:    Trog [**....]
Gold:   302        SH:  0    Dex:  9    Spells: 7/7 levels left

rFire   . .          .
                       - Unarmed
rCold   . . .        (no shield)
rNeg    . . .        a - +0 animal skin
rPois   .            (helmet restricted)
rElec   .            (no cloak)
rCorr   .            (gloves unavailable)
SInv    .            (boots unavailable)
Will    .....        (no amulet) Stlth
                     (no ring)
HPRegen 1.23/turn    (no ring)
MPRegen 0.10/turn

%: no teleportation
@: berserking (expiring), very quick
A: large, unfitting armour, claws 3, regeneration 1, shaggy fur 1, tough skin 1
a: Renounce Religion, Berserk, Trog's Hand


You were in the Dungeon.
You worshipped Trog.
Trog was pleased with you.
You visited 1 branch You collected 302 gold pieces.

Inventory:

Armour
 a - a +0 animal skin (worn)
Wands
 h - a wand of paralysis (13)
   (You took it off Ijyb in the Dungeon)
Scrolls
 g - a scroll of blinking {!r!d}
 i - a scroll of identify {unknown}
Potions
 b - a potion of curing {@q1, !d}
 c - a potion of heal wounds {@q2, !d}
 d - a potion of haste
 e - 2 potions of magic
 f - a potion of berserk rage {!q}


   Skills:
 + Level 9.0 Fighting
 + Level 8.9 Dodging
 + Level 10.6 Unarmed Combat


You had 7 spell levels left.
You didn't know any spells.
Your spell library was empty.

Dungeon Overview and Level Annotations

Branches:
Dungeon (1/1) Zot: 27000

Altars:
Cheibriados
Dithmenos
Elyvilon
Fedhas
Gozag
Hepliaklqana
Kikubaaqudgha
Nemelex Xobeh
Okawaru
Qazlal
Ru
Sif Muna
Trog
Uskayaw
Vehumet
Wu Jian
Yredelemnul
Zin
The Shining One

Shops:
D *


Innate Abilities, Weirdness & Mutations

You are too large for most types of armour.
You have claws for hands.
Your natural rate of healing is unusually fast.
You are covered in fur. (AC +1)
You have tough skin. (AC +1)


Message History

Your Fighting skill increases to level 7!
Your Dodging skill increases to level 7!
You regained 3 hp, and now have 77/106 hp.
Found an opulent altar of Gozag.
There is an open door, spattered with blood here.
You see here a yak corpse.
Found a sparkling altar of Nemelex Xobeh.
You feel a strong urge to attack something.
Unknown command.
You start resting.
You feel your anger nearly subside.
You are no longer berserk.
You are exhausted.
You feel yourself slow down.
You now have 54/71 hp.
You start resting.
Health restored: 71 You start waiting.
You feel yourself speed up.
You start waiting.
You recover from your berserk rage.
There is an entrance to Ofych's Assorted Antiques here.
There is an open door, spattered with blood here.
You see here a yak corpse.
There is a shimmering blue altar of Sif Muna here.
You open the door. 2 centaur warriors come into view.
The centaur warrior moves out of view. x2
There is an open door here.
You enter the shallow water.
The centaur warrior shouts!
The centaur warrior wields a +0 orcbow.
The centaur warrior shoots an arrow.
The arrow hits you!!
You take 21 damage, and have 50/71 hp.
MASSIVE DAMAGE!!
The centaur warrior shouts!
The centaur warrior unwields a +0 orcbow.
The centaur warrior hits you! The centaur warrior kicks you.
The centaur warrior hits you. The centaur warrior barely misses you.
You take 19 damage, and have 31/71 hp.
MASSIVE DAMAGE!!
A red film seems to cover your vision as you go berserk!
You feel yourself moving faster!
You feel mighty! The centaur warrior hits you!
The centaur warrior kicks you but does no damage.
The centaur warrior misses you.
The centaur warrior kicks you but does no damage.
You now have 35/106 hp.
You claw the centaur warrior!
The centaur warrior completely misses you.
The centaur warrior barely misses you. The centaur warrior hits you.
* * * LOW HITPOINT WARNING * * *
The centaur warrior kicks you but does no damage.
You take 5 damage, and have 30/106 hp.
You claw the centaur warrior! The centaur warrior misses you.
The centaur warrior kicks you but does no damage.
The centaur warrior hits you.
* * * LOW HITPOINT WARNING * * *
The centaur warrior kicks you but does no damage.
You take 5 damage, and have 25/106 hp.
You mangle the centaur warrior!! The centaur warrior barely misses you.
The centaur warrior kicks you.
* * * LOW HITPOINT WARNING * * *
You take 4 damage, and have 21/106 hp.
You mangle the centaur warrior!!
You kill the centaur warrior!
Trog accepts your kill.
Your Fighting skill gained 2 levels and is now at level 9!
Your Dodging skill increases to level 8!
Your Unarmed Combat skill gained 2 levels and is now at level 10!
You have reached level 7!
You have reached level 8!
You regained 8 hp, and now have 29/138 hp.
MP restored: 7 The centaur warrior barely misses you.
The centaur warrior kicks you.
* * * LOW HITPOINT WARNING * * *
Things that are here:
a +0 orcbow; a centaur corpse You take 2 damage, and have 27/138 hp.
You mangle the centaur warrior!! The centaur warrior hits you!
* * * LOW HITPOINT WARNING * * *
The centaur warrior kicks you.
* * * LOW HITPOINT WARNING * * *
You take 13 damage, and have 14/138 hp.
You barely miss the centaur warrior. The centaur warrior hits you!
* * * LOW HITPOINT WARNING * * *
The centaur warrior barely misses you.
You take 7 damage, and have 7/138 hp.
You barely miss the centaur warrior.
The centaur warrior hits you but does no damage.
The centaur warrior kicks you but does no damage.
You scratch the centaur warrior.
Attack: -) Claws
Press: ? - help, Dir - move target, f - centaur warrior
Aim: a centaur warrior (purple smoke, heavily wounded, about 25% to evade your claws)
You scratch the centaur warrior. The centaur warrior hits you!
* * * LOW HITPOINT WARNING * * *
The centaur warrior kicks you but does no damage.
You take 7 damage, and have 1/138 hp.
Attack: -) Claws
Press: ? - help, Dir - move target, f/p - centaur warrior
Aim: a centaur warrior (purple smoke, severely wounded, about 25% to evade your claws)
You scratch the centaur warrior. The centaur warrior closely misses you.
The centaur warrior kicks you.
You die...

#############
#..)..#.)'..#
').#..'..#..+
#####'#####'# ####
####..#...#.####§§#
#__####..##.#~§§§§#
#_____##'#_.'§~§@§+
#_.∩...†..._#§§§c§#
#_..__##_.#'##+####
#_____###+#.#
####### ###


You could see a centaur warrior.

Vanquished Creatures
  A centaur warrior (D)
  Sigmund (D)
  A yak (D)
  An ogre (D)
  A jelly (D)
  Ijyb (D)
6 creatures vanquished.

Notes
Turn   | Place    | Note
-------+----------+-------------------------------------------
     0 | D        | Ambrosia the Troll Berserker began the quest for the Orb.
     0 | D        | Reached XP level 1. HP: 22/22 MP: 0/0
     8 | D        | Noticed Ijyb
    12 | D        | Paralysed by Ijyb for 2 turns
    17 | D        | Killed Ijyb
    18 | D        | Reached skill level 3 in Fighting
    18 | D        | Reached skill level 3 in Dodging
    18 | D        | Reached skill level 4 in Unarmed Combat
    18 | D        | Reached XP level 2. HP: 32/32 MP: 1/1
    56 | D        | Noticed an ogre
    60 | D        | Killed an ogre
    61 | D        | Reached skill level 5 in Fighting
    61 | D        | Reached skill level 5 in Dodging
    61 | D        | Reached skill level 6 in Unarmed Combat
    61 | D        | Reached XP level 3. HP: 42/42 MP: 2/2
    61 | D        | Reached XP level 4. HP: 50/50 MP: 3/3
   216 | D        | Noticed Sigmund
   230 | D        | Killed Sigmund
   230 | D        | Reached ** piety under Trog
   231 | D        | Reached skill level 6 in Fighting
   231 | D        | Reached skill level 6 in Dodging
   231 | D        | Reached skill level 7 in Unarmed Combat
   231 | D        | Reached XP level 5. HP: 61/61 MP: 4/4
   382 | D        | Found an ornate altar of the Wu Jian Council.
   382 | D        | Found a shimmering blue altar of Sif Muna.
   384 | D        | Found a radiant altar of Vehumet.
   388 | D        | Reached skill level 8 in Unarmed Combat
   388 | D        | Reached XP level 6. HP: 68/68 MP: 5/5
   489 | D        | Found Ofych's Assorted Antiques.
   489 | D        | Found an ancient bone altar of Kikubaaqudgha.
   489 | D        | Found a hazy altar of Hepliaklqana.
   489 | D        | Found a stormy altar of Qazlal.
   489 | D        | Found a hide-covered altar of Uskayaw.
   489 | D        | Found a blossoming altar of Fedhas.
   489 | D        | Found a bloodstained altar of Trog.
   489 | D        | Found an iron altar of Okawaru.
   489 | D        | Found a basalt altar of Yredelemnul.
   489 | D        | Found a glowing golden altar of the Shining One.
   489 | D        | Found a snail-covered altar of Cheibriados.
   489 | D        | Found a sacrificial altar of Ru.
   489 | D        | Found a glowing silver altar of Zin.
   489 | D        | Found a shadowy altar of Dithmenos.
   489 | D        | Found a white marble altar of Elyvilon.
   489 | D        | Noticed a yak
   495 | D        | Killed a yak
   496 | D        | Reached skill level 7 in Fighting
   496 | D        | Reached skill level 7 in Dodging
   496 | D        | Found an opulent altar of Gozag.
   497 | D        | Found a sparkling altar of Nemelex Xobeh.
   547 | D        | Noticed a centaur warrior
   547 | D        | Noticed a centaur warrior
   551 | D        | HP: 31/71 [centaur warrior (5)]
   556 | D        | Killed a centaur warrior
   557 | D        | Reached skill level 9 in Fighting
   557 | D        | Reached skill level 8 in Dodging
   557 | D        | Reached skill level 10 in Unarmed Combat
   557 | D        | Reached XP level 7. HP: 26/83 MP: 6/6
   557 | D        | Reached XP level 8. HP: 29/92 MP: 7/7
   557 | D        | HP: 27/138 [centaur warrior (2)]
   559 | D        | HP: 7/138 [centaur warrior (8)]
   562 | D        | HP: 1/138 [centaur warrior (8)]
   563 | D        | Slain by a centaur warrior

Illustrated notes

Levels and vault maps discovered:
D:        dungeon_sprint_1 [red_sonja_temple_1, red_sonja_temple_small_1]

Skill      XL: |  1  2  3  4  5  6 |
---------------+-------------------+-----
Fighting       | 3 5 6 9 |  9.0
Dodging        | 3 5 6 8 |  8.9
Unarmed Combat | 4 6 7 8 10 | 10.6

Action                     |  1- 3 |  4- 6 |  7- 9 || total
---------------------------+-------+-------+-------++-------
  Melee: Unarmed           |     8 |    16 |     6 ||    30
 Invoke: Berserk           |     2 |     4 |       ||     6
 Armour: Animal skin       |     3 |    19 |     9 ||    31
  Dodge: Dodged            |     2 |    11 |     3 ||    16

Table legend: (Time is in decaauts)
 A = Elapsed time spent in this place.
 B = Non-inter-level travel time spent in this place.
 C = Inter-level travel time spent in this place.
 D = Time resting spent in this place.
 E = Time spent auto-exploring this place.
 F = Levels seen in this place.
 G = Mean time per level.
                   A        B        C        D        E       F      G
               +--------+--------+--------+--------+--------+-----+--------+
         Total |    611 |    611 |      0 |    468 |      0 |   1 |  611.0 |
       Dungeon |    611 |    611 |      0 |    468 |      0 |   1 |  611.0 |
               +--------+--------+--------+--------+--------+-----+--------+

Top non-repeatable levels by time:
       D: 611 daAuts

Levels and vault maps discovered:
D:        dungeon_sprint_1 [red_sonja_temple_1, red_sonja_temple_small_1]

Table legend: (Time is in decaauts)
 A = Elapsed time spent in this place.
 B = Non-inter-level travel time spent in this place.
 C = Inter-level travel time spent in this place.
 D = Time resting spent in this place.
 E = Time spent auto-exploring this place.
 F = Levels seen in this place.
 G = Mean time per level.
                   A        B        C        D        E       F      G
               +--------+--------+--------+--------+--------+-----+--------+
         Total |    611 |    611 |      0 |    468 |      0 |   1 |  611.0 |
       Dungeon |    611 |    611 |      0 |    468 |      0 |   1 |  611.0 |
               +--------+--------+--------+--------+--------+-----+--------+

Top non-repeatable levels by time:
       D: 611 daAuts

Table legend:
 A = Kills in this place as a percentage of kills in the entire game.
 B = Kills by you in this place as a percentage of kills by you in the entire game.
 C = Kills by friends in this place as a percentage of kills by friends in the entire game.
 D = Other kills in this place as a percentage of other kills in the entire game.
 E = Experience gained in this place as a percentage of experience gained in the entire game.
 F = Experience gained in this place divided by the number of levels of this place that you have seen.
                   A       B       C       D       E      F
               +-------+-------+-------+-------+-------+----------------------
         Total | 100.0 | 100.0 |   N/A |   N/A | 100.0 | 1452.0
       Dungeon | 100.0 | 100.0 |   N/A |   N/A | 100.0 | 1452.0
               +-------+-------+-------+-------+-------+----------------------
